 Dungeon Crawl Stone Soup version 0.31.0-4-g52a2dc7128 (webtiles) character file.

Game seed: 15048490659367908772

2452 DemonSlayer the Magician (level 9, -6/57 (60) HPs)
             Began as a Demonspawn Earth Elementalist on Jan 22, 2024.
             Was a Follower of Dithmenos.
             Killed by divine providence
             ... invoked by Jeremiah
              (14 damage)
             ... on level 7 of the Dungeon.
             The game lasted 00:16:14 (6850 turns).

DemonSlayer the Magician (DsEE)                     Turns: 6850, Time: 00:16:15

HP:   -6/57 (60)    AC:  8    Str:  7    XL:     9   Next: 25%
MP:   17/29         EV: 19    Int: 14    God:    Dithmenos [*.....]
Gold: 379           SH:  0    Dex: 20    Spells: 9/23 levels left

rFire   . . .        y - +0 rapier (spect)
rCold   + . .        (no shield)
rNeg    + . .        l - +2 robe {rC+}
rPois   +            (no helmet)
rElec   .            a - +2 ratskin cloak {*Rats rPois rN+ Str-1 Int-1 Dex+1}
rCorr   .            b - +0 pair of gloves
SInv    .            (boots unavailable)
Will    .....        (no amulet)
Stlth   +++          c - +5 ring of evasion
HPRegen 0.29/turn    C - ring of magical power
MPRegen 0.21/turn

%: no passive effects
@: mighty, wreathed by umbra, drained
A: hooves 3, ignite blood 1, powered by pain 1, sturdy frame 2
a: Renounce Religion


You were on level 7 of the Dungeon.
You worshipped Dithmenos.
Dithmenos was aware of your devotion.
You visited 2 branches of the dungeon, and saw 8 of its levels.

You collected 379 gold pieces.

Inventory:

Hand Weapons
 h - a +0 vampiric short sword
 y - a +0 spectral rapier (weapon)
Missiles
 v - 3 throwing nets
Armour
 a - the +2 ratskin cloak (worn) {*Rats rPois rN+ Str-1 Int-1 Dex+1}
   (You found it on level 3 of the Dungeon)

   *Rats:     When the wearer is hurt, rats may emerge from it to assist them.
   Str-1:     It affects your strength (-1).
   Int-1:     It affects your intelligence (-1).
   Dex+1:     It affects your dexterity (+1).
   rPois:     It protects you from poison rN+: It protects you from negative
   energy.
 b - a +0 pair of gloves (worn)
 l - a +2 robe of cold resistance (worn)
Jewellery
 c - a +5 ring of evasion (left hand)
 C - a ring of magical power (right hand)
Wands
 x - a wand of light (2)
Scrolls
 d - 5 scrolls of teleportation {unknown}
 e - a scroll of fog {unknown}
 g - 2 scrolls of silence
 i - a scroll of enchant armour {unknown}
 n - a scroll of fear {unknown}
 o - a scroll of revelation {unknown}
 p - a scroll of amnesia {unknown}
 B - a scroll of identify
Potions
 f - a potion of curing {unknown}
 j - a potion of heal wounds
 k - a potion of enlightenment
 m - a potion of brilliance {unknown}
 q - a potion of haste {unknown}
 r - 5 potions of might {unknown}
 s - a potion of mutation {unknown}
 t - a potion of attraction {unknown}
 u - a potion of magic
 A - a potion of invisibility {unknown}


   Skills:
 + Level 1.6 Fighting
 + Level 1.6 Short Blades
 + Level 3.8 Dodging
 + Level 3.3 Stealth
 + Level 7.6 Spellcasting
 + Level 1.3 Conjurations
 + Level 7.5 Earth Magic
 + Level 0.9 Evocations


You had 9 spell levels left.
You knew the following spells:

 Your Spells              Type           Power      Damage    Failure   Level
a - Sandblast             Erth           52%        2d12      1%          1
b - Stone Arrow           Conj/Erth      34%        3d9       6%          3
c - Swiftness             Air            5%         N/A       38%         3
d - Brom's Barrelling Bo  Conj/Erth      17%        2d4       22%         4
e - Passwall              Erth           26%        N/A       1%          3

Your spell library contained the following spells:

 Spells                   Type           Power      Damage    Failure   Level
 Magic Dart               Conj           36%        1d4       8%          1
 Shock                    Conj/Air       28%        1d4       10%         1
 Searing Ray              Conj           18%        2d5       12%         2
 Summon Small Mammal      Summ           20%        N/A       14%         1
 Call Imp                 Summ           10%        N/A       21%         2
 Ensorcelled Hibernation  Hex/Ice        10%        N/A       21%         2
 Sublimation of Blood     Necr           5%         N/A       21%         2
 Petrify                  Alch/Erth      15%        N/A       28%         4
 Call Canine Familiar     Summ           5%         N/A       38%         3
 Fugue of the Fallen      Necr           5%         N/A       38%         3
 Ozocubu's Armour         Ice            5%         N/A       38%         3
 Volatile Blastmotes      Fire/Tloc      10%        2d10      38%         3
 Fulminant Prism          Conj/Alch      3%         3d5       69%         4
 Iskenderun's Mystic Bla  Conj/Tloc      7%         2d4       69%         4
 Airstrike                Air            2%         2d(1-17)  80%         4
 Anguish                  Hex/Necr       2%         N/A       80%         4
 Manifold Assault         Tloc           5%         N/A       80%         4
 Summon Blazeheart Golem  Fire/Summ      5%         N/A       80%         4
 Irradiate                Conj/Alch      3%         3d12      95%         5
 Summon Hydra             Summ           2%         N/A       100%        7


Dungeon Overview and Level Annotations

Branches:
Dungeon (7/15)             Temple (1/1) D:5

Altars:
Ashenzari
Cheibriados
Dithmenos
Gozag
Hepliaklqana
Nemelex Xobeh
Okawaru
Qazlal
Ru
Sif Muna
Trog
Uskayaw
Wu Jian
Yredelemnul

Annotations:
D:7 Jeremiah
Temple 2 transporters


Innate Abilities, Weirdness & Mutations

You have hooves in place of feet.
Your demonic aura sometimes causes spilled blood to erupt in flames.
You sometimes gain a little power by taking damage.
Your movements are less encumbered by armour. (ER -4)


Message History

Confirm with . or Enter, or press ? or * to list all spells.
Aiming: Stone Arrow (dangerous; 6% risk of failure)
Press: ? - help, Shift-Dir - straight line, f/p - Jeremiah
Aim: Jeremiah, wielding a +4 trident of draining, wearing a +0 robe and wearing an orb of guile (moderately wounded, ally target, 60% to hit)
The stone arrow misses the butterfly.
The stone arrow hits Jeremiah!
Jeremiah is heavily wounded.
The butterfly disappears in a burst of colours!
Jeremiah hits you from afar with a +4 trident of draining!
* * * LOW HITPOINT WARNING * * *
You focus on the pain.
You feel mightier all of a sudden. You partially resist.
You feel drained.
Your river rat misses the butterfly.
Casting: Stone Arrow (dangerous; 6% risk of failure)
Confirm with . or Enter, or press ? or * to list all spells.
Aiming: Stone Arrow (dangerous; 6% risk of failure)
Press: ? - help, Shift-Dir - straight line, f/p - Jeremiah
Aim: Jeremiah, wielding a +4 trident of draining, wearing a +0 robe and wearing an orb of guile (heavily wounded, ally target, 60% to hit)
The stone arrow misses the butterfly.
The stone arrow hits Jeremiah!
Jeremiah is severely wounded.
Jeremiah hits you from afar with a +4 trident of draining!
* * * LOW HITPOINT WARNING * * *
You partially resist.
You feel drained.
* * * LOW HITPOINT WARNING * * *
Your river rat barely misses the butterfly.
Unknown command.
The butterfly disappears in a burst of colours!
The butterfly is engulfed in blazing flames.
You kill the butterfly!
The butterfly disappears in a burst of colours!
The butterfly disappears in a burst of colours!
The butterfly is engulfed in blazing flames.
You kill the butterfly!
The butterfly disappears in a burst of colours!
The butterfly is engulfed in blazing flames.
You kill the butterfly!
The butterfly disappears in a burst of colours!
Jeremiah shouts, "O dreadful one, destroy my foe!"
Something smites you!
You die...
Jeremiah asks, "Is it over?
Can I wake up now?"

....#.....## #.......# #.#
#..........## #.......# #.#
#...........###### #.......# #.#
#................######.#### #.#
##.##.b..b#####......##.# #.#
#.###..b.## ###.......#### #..
####F.### ###.#.......## #..
#bbb.###...#.##^....# ##.
##.#....@..#.##.#...####.
#..###.##...##.###...##. #.c.#
##.....###...#.###......
#...#########.######.........>.#.
........................#####....
#...#######.#....#####..########.
#...# ###..####.# ##......###.
...# ##...## #.# #..###..##.
#.###..### #.# #..####..#.


You could see Jeremiah.

Vanquished Creatures
  Eustachio (D:6)
  Menkaure (D:7)
  2 orc warriors
  An ice beast (D:5)
  2 black bears
  A sky beast (D:6)
  A phantom (D:3)
  2 bullfrogs (D:7)
  4 killer bees (D:7)
  A howler monkey (D:6)
  A bombardier beetle (D:4)
  3 orc priests
  7 hounds
  4 jellies
  A gnoll bouda (D:6)
  2 sleepcaps
  3 iguanas
  2 orc wizards (D:7)
  7 gnolls
  3 adders
  3 shadow imps
  A white imp (D:6)
  3 ribbon worms
  8 dart slugs
  17 orcs
  4 endoplasms
  2 giant cockroaches
  4 goblins
  8 hobgoblins
  7 jackals
  4 quokkas
  8 ball pythons
  8 bats
  5 frilled lizards
  10 kobolds
  3 rats
144 creatures vanquished.

Vanquished Creatures (collateral kills)
  A steam dragon (D:6)
  A sky beast (D:7)
  A gnoll bouda (D:7)
  3 gnolls (D:7)
6 creatures vanquished.

Vanquished Creatures (others)
  An orc wizard (D:6)
1 creature vanquished.

Grand Total: 151 creatures vanquished

Notes
Turn   | Place    | Note
-------+----------+-------------------------------------------
     0 | D:1      | DemonSlayer the Demonspawn Earth Elementalist began the
                  | quest for the Orb.
     0 | D:1      | Reached XP level 1. HP: 13/13 MP: 3/3
   160 | D:1      | Gained mutation: Your movements are slightly less
                  | encumbered by armour. (ER -2) [demonic ancestry]
   160 | D:1      | Reached XP level 2. HP: 19/19 MP: 1/5
   766 | D:2      | Gained mutation: You have large cloven feet. [demonic
                  | ancestry]
   766 | D:2      | Reached XP level 3. HP: 21/24 MP: 0/7
   830 | D:2      | Identified the +4 mace of Death {chaos, *Corrode rF+ Dex+6}
  1199 | D:2      | You fall into a shaft and drop 1 floor!
  1202 | D:3      | Found the +2 ratskin cloak {*Rats rPois rN+ Str-1 Int-1
                  | Dex+1}
  1371 | D:3      | Noticed a phantom
  1379 | D:3      | Killed a phantom
  1380 | D:3      | Gained mutation: You have hoof-like feet. [demonic
                  | ancestry]
  1380 | D:3      | Reached XP level 4. HP: 27/30 MP: 0/9
  1380 | D:3      | Reached XP level 5. HP: 32/35 MP: 0/10
  2537 | D:4      | Learned a level 3 spell: Stone Arrow
  2541 | D:4      | Learned a level 3 spell: Swiftness
  2546 | D:4      | Learned a level 4 spell: Brom's Barrelling Boulder
  2835 | D:4      | Gained mutation: You have hooves in place of feet. [demonic
                  | ancestry]
  2835 | D:4      | Reached XP level 6. HP: 41/41 MP: 1/12
  3222 | D:4      | Found a sparkling altar of Nemelex Xobeh.
  3372 | D:5      | Entered Level 5 of the Dungeon
  3482 | D:5      | Reached skill level 5 in Earth Magic
  3482 | D:5      | Gained mutation: Your demonic aura sometimes causes spilled
                  | blood to erupt in flames. [demonic ancestry]
  3482 | D:5      | Reached XP level 7. HP: 46/46 MP: 9/14
  3535 | D:5      | Found a staircase to the Ecumenical Temple.
  3578 | D:5      | Reached skill level 5 in Spellcasting
  3941 | Temple   | Found a transporter.
  3941 | Temple   | Found a transporter.
  3941 | Temple   | Found a transporter.
  3941 | Temple   | Found a transporter.
  3941 | Temple   | Entered the Ecumenical Temple
  3957 | Temple   | Became a worshipper of Dithmenos the Shadowed
  4096 | D:5      | Found an ornate altar of the Wu Jian Council.
  4269 | D:5      | Found a basalt altar of Yredelemnul.
  4325 | D:5      | Learned a level 3 spell: Passwall
  4719 | D:6      | Noticed Eustachio
  4743 | D:6      | Gained mutation: Your movements are less encumbered by
                  | armour. (ER -4) [demonic ancestry]
  4743 | D:6      | Reached XP level 8. HP: 53/53 MP: 8/17
  4770 | D:6      | Reached skill level 1 in Fighting
  4783 | D:6      | Killed Eustachio
  4923 | D:6      | Reached skill level 1 in Short Blades
  5882 | D:7      | Reached * piety under Dithmenos
  6211 | D:7      | Gained mutation: You sometimes gain a little power by
                  | taking damage. [demonic ancestry]
  6211 | D:7      | Reached XP level 9. HP: 54/59 MP: 10/20
  6315 | D:7      | Noticed Jeremiah
  6316 | D:7      | Noticed Menkaure
  6337 | D:7      | Killed Menkaure
  6850 | D:7      | Killed from afar by Jeremiah

Illustrated notes

Levels and vault maps discovered:
D:1:      evilmike_arrival_fibonacci_small, layout_rooms
D:2:      layout_loops_ring, lemuel_flame_loot_1
D:3:      layout_rooms, kennysheep_generic_room_9
D:4:      layout_basic, nemelex_dance_club_becter
D:5:      layout_rooms, mainiacjoe_overflow_swirl, temple_doors_cd
D:6:      layout_basic, uniq_eustachio
D:7:      layout_rooms, minivault_25, uniq_menkaure, uniq_jeremiah
Temple:   hellmonk_temple_divided_pantheon

Skill      XL: |  1  2  3  4  5  6  7  8 |
---------------+-------------------------+-----
Earth Magic    | 3 4 5 7 |  7.5
Stealth        | 2 3 |  3.3
Dodging        | 2 3 |  3.8
Spellcasting   | 3 4 6 7 |  7.6
Fighting       | 1 |  1.6
Short Blades   | 1 |  1.6
Conjurations   | |  1.3
Evocations     | |  0.9

Action                     |  1- 3 |  4- 6 |  7- 9 || total
---------------------------+-------+-------+-------++-------
  Melee: Dagger            |    19 |       |       ||    19
         Short sword       |     3 |    32 |     4 ||    39
         Kick              |     2 |     9 |    18 ||    29
         Punch             |     1 |       |     3 ||     4
         Rapier            |       |       |    50 ||    50
   Cast: Sandblast         |    68 |    89 |   102 ||   259
         Stone Arrow       |       |       |    30 ||    30
  Evoke: Wand              |       |       |     4 ||     4
    Use: Scroll            |       |     4 |     1 ||     5
         Potion            |       |     2 |       ||     2
   Stab: Sleeping          |     1 |     4 |     3 ||     8
 Armour: Robe              |    48 |    45 |   102 ||   195
  Dodge: Dodged            |    66 |    97 |   191 ||   354
